 Dungeon Crawl Stone Soup version 0.20-a0-739-g6bb112f (webtiles) character file.

93 nubinia the Chiller (level 4, 0/24 HPs)
             Began as a Deep Elf Ice Elementalist on Feb 24, 2017.
             Slain by a big kobold
             ... wielding a +0 dagger
              (6 damage)
             ... in a sewer.
             The game lasted 00:10:15 (1987 turns).

nubinia the Chiller (Deep Elf Ice Elementalist)     Turns: 1987, Time: 00:10:16

Health: 0/24       AC:  3    Str:  5    XL:     4   Next: 36%
Magic:  6/12       EV: 13    Int: 21    God:
Gold:   85         SH:  0    Dex: 15    Spells: 1/11 levels left

rFire    . . .     SeeInvis .   d - -3 blowgun (curse)
rCold    . . .     Gourm    .   a - +0 robe
rNeg     . . .     Faith    .   (no shield)
rPois    .         Spirit   .   h - +0 helmet
rElec    .         Reflect  .   (no cloak)
rCorr    .         Harm     .   (no gloves)
MR       .....                  (no boots)
Stlth    ++........             (no amulet)
Regen    0.1/turn               (no ring)
MPRegen  0.2/turn               (no ring)

@: about to teleport, very slightly contaminated
A: no striking features
a: no special abilities


You were in a sewer.
You were not hungry.

You visited 1 branch of the dungeon, and saw 3 of its levels.
You also visited: Sewer.

You collected 85 gold pieces.

Inventory:

Hand Weapons
 d - a cursed -3 blowgun (weapon)
 e - a +1 dagger
 f - a +0 rapier
Missiles
 n - 17 poisoned needles (quivered)
Armour
 a - a +0 robe (worn)
 h - a +0 helmet (worn)
Jewellery
 l - an uncursed amulet of the gourmand {unknown}
Scrolls
 p - a scroll of fog {unknown}
Potions
 g - 5 potions of curing
 i - a potion of ambrosia
 k - a potion of heal wounds {unknown}
 m - 2 potions of brilliance
 q - a potion of agility {unknown}
 r - 2 potions of might {unknown}
 s - a potion of flight {unknown}
Books
 b - a book of Frost

   Spells                             Type                      Level
   a - Freeze                         Ice                          1
   b - Throw Frost                    Conjuration/Ice              2
   c - Ozocubu's Armour               Charms/Ice                   3
   d - Throw Icicle                   Conjuration/Ice              4
   e - Summon Ice Beast               Ice/Summoning                4
Comestibles
 c - a bread ration
 j - 2 chunks of flesh


   Skills:
 + Level 0.2 Fighting
 + Level 0.4 Short Blades
 + Level 2.4 Dodging
 + Level 3.2 Stealth
 + Level 4.1 Spellcasting
 + Level 1.1 Conjurations
 * Level 1.9 Charms
 + Level 4.3 Ice Magic


You had one spell level left.
You knew the following spells:

 Your Spells              Type           Power        Failure   Level  Hunger
a - Freeze                Ice            ###.         1%          1    None
b - Throw Frost           Conj/Ice       ###...       8%          2    #......
c - Ozocubu's Armour      Chrm/Ice       ###.....     12%         3    ###....
d - Throw Icicle          Conj/Ice       ###.....     41%         4    ####...


Dungeon Overview and Level Annotations

Branches:
Dungeon (3/15)

Altars:
Elyvilon
Okawaru


Message History

Aiming: Freeze
Press: ? - help, Shift-Dir - straight line, f/p - big kobold
Aim: a big kobold, wielding a short sword (severely wounded)
You freeze the big kobold.
The big kobold is severely wounded.
The kobold closely misses you. The big kobold closely misses you.
Casting: Freeze
Confirm with . or Enter, or press ? or * to list all spells.
Aiming: Freeze
Press: ? - help, Shift-Dir - straight line, f/p - big kobold
Aim: a big kobold, wielding a short sword (severely wounded)
You freeze the big kobold.
The big kobold is severely wounded.
The kobold hits you with a short sword.
The big kobold hits you with a short sword.
* * * LOW HITPOINT WARNING * * *
As you read the scroll labeled GOUDABBOIPOE, it crumbles to dust.
You feel strangely unstable.
It was a scroll of teleportation.
The big kobold hits you with a dagger.
You die...

#......≈≈≈≈≈≈#......#
#......≈≈≈≈≈≈#......#
##....P≈P#≈≈≈#......#
#.....≈≈#≈≈≈#≈≈....#
#...(..P#≈≈≈#P≈...##
#.......#≈≈≈≈≈P...##
#......(#≈≈≈≈≈≈....#
#.......#≈≈≈#P...###
###..K@K#≈≈≈#....#
###KK##≈≈≈##''##
#.K!.#≈≈≈#....#
#....#≈≈≈#...(#
#.?∩.#≈≈≈#.∩..#
#.!.?#≈≈≈#....#
######≈≈≈######
#≈≈≈'...# #≈≈≈#.∩∩#


You could see 2 big kobolds and 3 kobolds.

Vanquished Creatures
  3 adders
  An ooze (D:1)
  A dart slug (D:1)
  2 leopard geckos
  2 ball pythons
  4 bats
  3 giant cockroaches
  9 goblins
  6 hobgoblins
  6 frilled lizards
  11 kobolds
  10 rats
58 creatures vanquished.

Notes
Turn   | Place    | Note
-------+----------+-------------------------------------------
     0 | D:1      | nubinia the Deep Elf Ice Elementalist began the quest for the Orb.
     0 | D:1      | Reached XP level 1. HP: 10/10 MP: 6/6
   227 | D:1      | Reached XP level 2. HP: 15/15 MP: 6/8
   231 | D:1      | Learned a level 2 spell: Throw Frost
   670 | D:1      | Reached XP level 3. HP: 10/19 MP: 6/10
   954 | D:2      | Learned a level 3 spell: Ozocubu's Armour
   995 | D:2      | Found an iron altar of Okawaru.
  1182 | D:2      | Found a white marble altar of Elyvilon.
  1332 | D:2      | Reached skill level 1 in Charms
  1332 | D:2      | Reached XP level 4. HP: 20/24 MP: 8/12
  1338 | D:2      | Learned a level 4 spell: Throw Icicle
  1630 | D:3      | Found a glowing drain.
  1639 | Sewer    | Entered a sewer
  1979 | Sewer    | Noticed a big kobold
  1979 | Sewer    | Noticed a big kobold
  1987 | Sewer    | Slain by a big kobold

Vault maps used:
D:1:      nagdon_arrival_zigzag_paths, serial_curves, eino_curves_02,
          eino_curves_01, hangedman_decor_lopped
D:2:      lemuel_coloured_pillars_altar, okawaru_trees_1
D:3:      lightli_sewer_entry_pipes
Sewer:    kennysheep_pipe_town

Skill      XL: |  1  2  3 |
---------------+----------+-----
Ice Magic      | 4 |  4.3
Stealth        | 3 |  3.2
Spellcasting   | 4 |  4.1
Charms         | 1 |  1.9
Fighting       | |  0.2
Short Blades   | |  0.4
Dodging        | |  2.4
Conjurations   | |  1.1

Action                   |  1- 3 |  4- 6 || total
-------------------------+-------+-------++-------
Melee: Dagger            |    24 |       ||    24
       Rapier            |    15 |     5 ||    20
 Cast: Freeze            |    38 |    27 ||    65
       Throw Frost       |       |     2 ||     2
  Use: Scroll            |     2 |     5 ||     7
       Potion            |     1 |       ||     1
 Stab: Sleeping          |     6 |     4 ||    10
  Eat: Chunk             |     1 |     2 ||     3
Armor: Robe              |     8 |     2 ||    10
Dodge: Dodged            |    38 |    17 ||    55
